 Dungeon Crawl Stone Soup version 0.23.0 (webtiles) character file.

Game seed: 11069913457543809145

51 swicky the Skirmisher (level 3, -3/49 HPs)
             Began as a Minotaur Berserker on Feb 13, 2019.
             Was a Follower of Trog.
             Slain by a gnoll
             ... wielding a +0 spear
              (8 damage)
             ... on level 2 of the Dungeon.
             The game lasted 00:03:22 (1092 turns).

swicky the Skirmisher (Minotaur Berserker)          Turns: 1092, Time: 00:03:23

Health: -3/49      AC:  2    Str: 26    XL:     3   Next: 57%
Magic:  2/2        EV: 12    Int:  4    God:    Trog [*.....]
Gold:   19         SH:  0    Dex: 10    Spells: 2/2 levels left

rFire    . . .     SeeInvis .   a - +0 hand axe
rCold    . . .     Gourm    .   (no shield)
rNeg     . . .     Faith    .   b - +0 animal skin
rPois    .         Spirit   .   (helmet restricted)
rElec    .         Reflect  .   (no cloak)
rCorr    .         Harm     .   (no gloves)
MR       .....                  (no boots)
Stlth    ..........             (no amulet)
HPRegen  0.16/turn              (no ring)
MPRegen  0.08/turn              (no ring)

@: berserking, very quick
A: retaliatory headbutt, horns 2
a: Berserk, Renounce Religion


You were on level 2 of the Dungeon.
You worshipped Trog.
Trog was aware of your devotion.
You were very hungry.

You visited 1 branch of the dungeon, and saw 2 of its levels.

You collected 19 gold pieces.

Inventory:

Hand Weapons
 a - a +0 hand axe (weapon)
Armour
 b - a +0 animal skin (worn)
 i - a +0 buckler
Scrolls
 h - a scroll of identify {unknown}
 j - a scroll of teleportation {unknown}
 k - a scroll of fear {unknown}
Potions
 e - a potion of curing {unknown}
 f - a potion of agility {unknown}
 g - 2 potions of degeneration {unknown}
Comestibles
 c - a ration
 d - 5 chunks of flesh


   Skills:
 + Level 4.2 Fighting
 + Level 4.1 Axes
 + Level 3.2 Armour
 + Level 2.9 Dodging


You had 2 spell levels left.
You didn't know any spells.
Your spell library was empty.

Dungeon Overview and Level Annotations

Branches:
Dungeon (2/15)

Altars:
Xom
Zin


Innate Abilities, Weirdness & Mutations

You reflexively headbutt those who attack you in melee.
You have a pair of horns on your head.


Message History

You hit the gnoll but do no damage. The gnoll misses you.
The gnoll barely misses you.
Some of the chunks of flesh in your inventory have rotted away.
You hit the gnoll.
The gnoll is moderately wounded.
The gnoll hits you but does no damage.
You hit the gnoll but do no damage.
The gnoll is moderately wounded.
The gnoll closely misses you.
You hit the gnoll but do no damage. You headbutt the gnoll!
You kill the gnoll!
Trog accepts your kill.
You hit the gnoll. The gnoll hits you with a +0 flail!
The gnoll hits you from afar with a +0 spear!
* * * LOW HITPOINT WARNING * * *
A red film seems to cover your vision as you go berserk!
You feel yourself moving faster!
You feel mighty!
You are feeling very hungry.
The gnoll hits you from afar with a +0 spear!
You die...

#.#
#..........................
#.#
#.##.####.#######)##.######
#.# #.##...)......# #.##.#
#.# #.####################
##.####.#...............
......#..#...#...#...#..
......#.................
###
......#.##...#..g#g..#..
...
##....#.#.......@g......
###
#####.#.################# #
. ###.#.# #..# #.# #
#.#...#.####### #..# #.#
#.#.##).......# #..# #.#
#....'........# ##.###.#
###.##........# #..##.#
###'##........#####..##.#
#....#................#.#


You could see 3 gnolls.

Vanquished Creatures
  A gnoll (D:2)
  An ooze (D:1)
  A worm (D:2)
  2 dart slugs
  A leopard gecko (D:1)
  2 giant cockroaches
  2 goblins
  6 hobgoblins
  4 kobolds (D:1)
  A quokka (D:2)
  3 bats (D:1)
  A frilled lizard (D:1)
  3 rats (D:1)
28 creatures vanquished.

Notes
Turn   | Place    | Note
-------+----------+-------------------------------------------
     0 | D:1      | swicky the Minotaur Berserker began the quest for the Orb.
     0 | D:1      | Reached XP level 1. HP: 19/19 MP: 0/0
    53 | D:1      | Reached XP level 2. HP: 25/27 MP: 1/1
   871 | D:2      | Reached XP level 3. HP: 32/33 MP: 2/2
   967 | D:2      | Found a glowing silver altar of Zin.
   967 | D:2      | Found a shimmering altar of Xom.
   967 | D:2      | Noticed an angel
  1092 | D:2      | Slain by a gnoll

Skill      XL: |  1  2 |
---------------+-------+-----
Fighting       | 4 |  4.2
Axes           | 4 |  4.1
Armour         | 3 |  3.2
Dodging        | |  2.9

Action                   || total
-------------------------++-------
Melee: Hand axe          ||    51
       Headbutt          ||    11
Invok: Berserk           ||     3
 Stab: Sleeping          ||     1
  Eat: Chunk             ||     2
Armor: Animal skin       ||    12
Dodge: Dodged            ||    36
